 Dungeon Crawl Stone Soup version 0.27-a0-531-gb72ec1a1b6 (webtiles) character file.

Game seed: 4852535148905021610

21361 Morbidden the Grappler (level 12, -13/114 HPs)
             Began as a Troll Necromancer on Mar 5, 2021.
             Was the Champion of Cheibriados.
             Mangled by a red ugly thing (23 damage)
             ... on level 14 of the Dungeon.
             The game lasted 00:22:30 (13144 turns).

Morbidden the Grappler (Troll Necromancer)         Turns: 13144, Time: 00:22:31

Health: -13/114    AC: 19    Str: 33    XL:     12   Next: 53%
Magic:  27/27      EV: 11    Int: 29    God:    Cheibriados [******]
Gold:   716        SH:  0    Dex: 26    Spells: 15/20 levels left

rFire    . . .     SeeInvis .     - Unarmed
rCold    . . .     Faith    .   (no shield)
rNeg     + . .     Spirit   .   t - +1 shadow dragon scales
rPois    +         Reflect  .   (helmet currently unavailable)
rElec    .         Harm     .   D - +2 ratskin cloak {*Rats rPois rN+ Str-1 Int-1 Dex+1}
rCorr    .         Rampage  .   (gloves unavailable)
Will     .....                  (boots unavailable)
Stlth    ++++......             (no amulet)
HPRegen  1.29/turn              q - ring of poison resistance
MPRegen  0.20/turn              y - ring of magical power

@: appendages, very slow
A: large, unfitting armour, claws 3, horns 2, talons 2, regeneration 1, shaggy
fur 1, tough skin 1
a: End Transformation, Renounce Religion, Bend Time, Temporal Distortion,
Slouch, Step From Time


You were on level 14 of the Dungeon.
You worshipped Cheibriados.
Cheibriados was exalted by your worship.
You had grown temporary horns.
You had grown temporary talons.
You visited 2 branches of the dungeon, and saw 15 of its levels.

You collected 911 gold pieces.
You spent 195 gold pieces at shops.

Inventory:

Hand Weapons
 a - a +0 hunting sling
 G - a +3 scimitar of flaming
Missiles
 k - 68 poisoned darts (quivered)
 n - 102 sling bullets
 w - 8 boomerangs
Armour
 t - +1 shadow dragon scales (worn)
 B - a scarf of resistance
 D - the +2 ratskin cloak (worn) {*Rats rPois rN+ Str-1 Int-1 Dex+1}
   (You found it on level 9 of the Dungeon)

   It affects your strength (-1).
   It affects your intelligence (-1).
   It affects your dexterity (+1).
   It protects you from poison.
   It protects you from negative energy.
Jewellery
 g - a ring of flight
 q - a ring of poison resistance (left claw)
 u - a ring of positive energy
 y - a ring of magical power (right claw)
 A - a ring of positive energy
 H - a ring of see invisible
Wands
 s - a wand of digging (1)
 v - a wand of polymorph (18)
 z - a wand of flame (37)
 F - a wand of charming (11)
 J - a wand of iceblast (19)
Scrolls
 c - 7 scrolls of identify
 d - 6 scrolls of teleportation
 e - 2 scrolls of noise
 o - 2 scrolls of magic mapping
 C - a scroll of fog
 M - a scroll of blinking
Potions
 b - 4 potions of berserk rage {unknown}
 f - 8 potions of curing
 h - a potion of cancellation {unknown}
 i - a potion of degeneration {unknown}
 j - a potion of magic {unknown}
 m - 6 potions of lignification {unknown}
 p - 10 potions of ambrosia {unknown}
 r - 7 potions of flight {unknown}
 x - 3 potions of heal wounds {unknown}
 E - 2 potions of might
 K - a potion of mutation
 L - 2 potions of brilliance {unknown}
Miscellaneous
 l - a box of beasts (inert)


   Skills:
 * Level 6.0 Fighting
 - Level 0.1(1.4) Slings
 + Level 3.3 Throwing
 + Level 6.7 Armour
 * Level 6.0 Dodging
 + Level 2.6 Stealth
 + Level 8.6 Unarmed Combat
 * Level 4.9 Spellcasting
 * Level 7.1 Necromancy
 * Level 4.3 Transmutations
 * Level 5.3 Invocations


You had 15 spell levels left.
You knew the following spells:

 Your Spells              Type           Power      Damage    Failure   Level
a - Beastly Appendage     Tmut           64%        N/A       4%          1
b - Vampiric Draining     Necr           24%        2d9       4%          3
c - Pain                  Necr           100%       1d9       1%          1

Your spell library contained the following spells:

 Spells                   Type           Power      Damage    Failure   Level
 Animate Skeleton         Necr           96%        N/A       1%          1
 Wereblood                Tmut           32%        N/A       6%          2
 Sting                    Tmut/Pois      76%        1d6       11%         1
 Animate Dead             Necr           24%        N/A       13%         4
 Passwall                 Tmut/Erth      15%        N/A       16%         2
 Corona                   Hex            7%         N/A       26%         1
 Sandblast                Erth           14%        2d6       26%         1
 Spider Form              Tmut/Pois      9%         N/A       30%         3
 Ensorcelled Hibernation  Hex/Ice        14%        N/A       36%         2
 Poisonous Vapours        Pois/Air       14%        N/A       36%         2
 Agony                    Necr           48%        N/A       36%         5
 Ignite Poison            Fire/Tmut/Pois 15%        N/A       38%         3
 Confusing Touch          Hex            7%         N/A       58%         3
 Dazzling Flash           Conj/Hex       14%        N/A       58%         3
 Mephitic Cloud           Conj/Pois/Air  7%         N/A       58%         3
 Stone Arrow              Conj/Erth      14%        3d7       58%         3
 Tukima's Dance           Hex            7%         N/A       58%         3
 Ice Form                 Ice/Tmut       19%        N/A       71%         4
 Petrify                  Tmut/Erth      19%        N/A       71%         4
 Blade Hands              Tmut           16%        N/A       75%         5
 Olgreb's Toxic Radiance  Pois           7%         N/A       94%         4
 Lee's Rapid Deconstruct  Erth           3%         3d6*      100%        5


Dungeon Overview and Level Annotations

Branches:
Dungeon (14/15)            Temple (1/1) D:6            Lair (0/6) D:8
    Orc (0/2) D:10
 Vaults: D:13-14

Altars:
Cheibriados
Dithmenos
Fedhas
Gozag
Hepliaklqana
Kikubaaqudgha
Makhleb
Nemelex Xobeh
Okawaru
Sif Muna
Trog
Uskayaw
Yredelemnul
Zin

Shops:
D:6 [?=![   D:8 [   D:12 =   D:13 *


Innate Abilities, Weirdness & Mutations

You are too large for most types of armour.
You have claws for hands.
Your natural rate of healing is unusually fast.
You are covered in fur. (AC +1)
You have tough skin. (AC +1)
You have a pair of horns on your head.
You have razor-sharp toenails.


Message History

Rupert hits you with a +1 great mace of draining!!
You partially resist.
You feel drained.
Unknown command.
Unknown command.
You mangle Rupert!!
You kill Rupert!
Cheibriados thoroughly appreciates the change of pace.
The bullfrog hits you but does no damage.
The red ugly thing stings you but does no damage.
Your life force feels restored.
Your Fighting skill increases to level 6!
Your Dodging skill increases to level 6!
Unknown command.
Unknown command.
Unknown command.
You scratch the red ugly thing. You claw the red ugly thing.
The red ugly thing is lightly wounded.
The bullfrog hits you but does no damage.
The red ugly thing stings you!
You are engulfed in flames!
The bullfrog closely misses you.
Unknown command.
Unknown command.
You claw the bullfrog! You claw the bullfrog.
You kill the bullfrog!
Cheibriados appreciates the change of pace.
The red ugly thing stings you.
* * * LOW HITPOINT WARNING * * *
A river rat scurries out from under your cloak.
You are engulfed in flames!!
* * * LOW HITPOINT WARNING * * *
Unknown command.
You barely miss the red ugly thing. Your kick misses the red ugly thing.
You headbutt the red ugly thing!
The red ugly thing is moderately wounded.
A kobold brigand comes into view.
It is wielding a +0 club and quivering poisoned darts.
A komodo dragon comes into view.
The red ugly thing stings you.
* * * LOW HITPOINT WARNING * * *
You are engulfed in flames!!
You die...

...... ...... .
((.lK##.......
#..#...(..#..#......
#.##...#....#....#....
#.##....#..#(.....#..#
#.##.....##....c...#
##.##.....##........#
##.##....#..#..)ur.#
.#..#...#....#.W@.#....
....#†.#......#..#......
....###........##.......
###.# #.....)..# .......
# #.######..############
#................
################# #.#
#.#


You could see a red ugly thing (ally target), a komodo dragon, a yaktaur, a
wraith, a kobold brigand and a friendly river rat.

Vanquished Creatures
  Rupert (D:14)
  Snorg (D:10)
  Erica (D:8)
  A centaur warrior (D:13)
  4 two-headed ogres
  An unseen horror (D:13)
  2 ugly things (D:13)
  2 manticores
  A cyclops (D:11)
  Maurice (D:10)
  A gargoyle (D:11)
  A komodo dragon (D:11)
  A tengu conjurer (D:12)
  Grinder (D:6)
  A queen bee (D:9)
  3 shadows
  A wraith (D:12)
  A vampire (D:11)
  7 yaks
  Sigmund (D:4)
  4 fire bats (D:9)
  Eustachio (D:6)
  4 vampire mosquitoes (D:13)
  2 steam dragons
  Menkaure (D:4)
  A water moccasin (D:8)
  A hell hound (D:9)
  Duvessa (D:4)
  5 orc warriors
  2 ice beasts
  4 sky beasts
  4 black bears
  A necrophage (D:8)
  6 centaurs
  An eye of draining (D:12)
  6 ogres
  3 phantoms
  2 kobold brigands
  11 bullfrogs
  Dowan (D:4)
  16 wights
  20 killer bees
  A howler monkey (D:10)
  4 lava snakes
  3 centaur zombies
  2 quasits
  2 bullfrog zombies
  5 hounds
  3 orc priests
  2 jellies (D:13)
  2 bullfrog skeletons
  A centaur skeleton (D:10)
  A gnoll shaman (D:10)
  11 orc wizards
  6 worker ants
  2 hound skeletons
  13 adders
  9 gnolls
  A shadow imp (D:7)
  2 white imps (D:10)
  An ufetubus (D:7)
  2 oozes
  An adder skeleton (D:4)
  2 worms
  A dart slug (D:2)
  7 leopard geckos
  32 orcs
  5 bats
  4 giant cockroaches
  12 goblins
  5 hobgoblins
  6 jackals
  16 kobolds
  4 quokkas
  2 ball pythons
  5 frilled lizards
  A giant cockroach zombie (D:6)
  A quokka zombie (D:5)
  6 rats
313 creatures vanquished.

Vanquished Creatures (collateral kills)
  A manticore (D:11)
  Joseph (D:10)
  A hound (D:12)
3 creatures vanquished.

Vanquished Creatures (others)
  An orc wizard (D:10)
  An orc (D:10)
  3 fire vortices (D:9)
5 creatures vanquished.

Grand Total: 321 creatures vanquished

Notes
Turn   | Place    | Note
-------+----------+-------------------------------------------
     0 | D:1      | Morbidden the Troll Necromancer began the quest for the
                  | Orb.
     0 | D:1      | Reached XP level 1. HP: 16/16 MP: 1/1
   118 | D:1      | Reached XP level 2. HP: 24/24 MP: 3/3
   857 | D:2      | Reached XP level 3. HP: 24/32 MP: 4/4
  1524 | D:2      | Found a sparkling altar of Nemelex Xobeh.
  2122 | D:3      | Reached XP level 4. HP: 33/40 MP: 5/5
  2496 | D:3      | Reached skill level 1 in Fighting
  2496 | D:3      | Reached skill level 1 in Unarmed Combat
  3095 | D:3      | Reached XP level 5. HP: 48/48 MP: 7/7
  3175 | D:4      | Noticed Menkaure
  3190 | D:4      | Killed Menkaure
  3191 | D:4      | Reached skill level 1 in Throwing
  3248 | D:4      | Reached XP level 6. HP: 56/57 MP: 8/8
  3483 | D:4      | Noticed Sigmund
  3501 | D:4      | Killed Sigmund
  3502 | D:4      | Reached skill level 2 in Unarmed Combat
  3593 | D:4      | Noticed Duvessa
  3594 | D:4      | Noticed Dowan
  3627 | D:4      | Killed Duvessa
  3628 | D:4      | Reached XP level 7. HP: 63/65 MP: 9/9
  3641 | D:4      | Killed Dowan
  4075 | D:5      | Entered Level 5 of the Dungeon
  4271 | D:5      | Reached skill level 1 in Armour
  4362 | D:5      | Reached skill level 3 in Unarmed Combat
  4816 | D:6      | Noticed Eustachio
  4818 | D:6      | Found Ciwni's Antique Armour Shop.
  4834 | D:6      | Killed Eustachio
  4835 | D:6      | Reached XP level 8. HP: 63/75 MP: 10/10
  5028 | D:6      | Noticed Grinder
  5044 | D:6      | Paralysed by Grinder for 6 turns
  5058 | D:6      | Killed Grinder
  5059 | D:6      | Reached skill level 5 in Necromancy
  5089 | D:6      | Reached skill level 4 in Unarmed Combat
  5143 | D:6      | Found a staircase to the Ecumenical Temple.
  5150 | Temple   | Entered the Ecumenical Temple
  5356 | Temple   | Became a worshipper of Cheibriados the Contemplative
  5504 | D:6      | Learned a level 3 spell: Vampiric Draining
  5543 | D:6      | Learned a level 1 spell: Beastly Appendage
  5631 | D:6      | Found Tusoe's Magic Scroll Shoppe.
  5632 | D:6      | Found Ohoa's Jewellery Emporium.
  5653 | D:6      | Found Uwyloush's Distillery.
  5663 | D:6      | Found Inizoraq's Armour Shop.
  5746 | D:6      | Found a basalt altar of Yredelemnul.
  6238 | D:7      | Reached skill level 1 in Invocations
  6461 | D:7      | Found an ancient bone altar of Kikubaaqudgha.
  6484 | D:7      | Reached XP level 9. HP: 83/83 MP: 12/12
  6564 | D:7      | Reached * piety under Cheibriados
  7242 | D:8      | Reached ** piety under Cheibriados
  7263 | D:8      | Reached skill level 5 in Unarmed Combat
  7345 | D:8      | Found a staircase to the Lair.
  7439 | D:8      | Found Helah's Antique Armour Boutique.
  7453 | D:8      | Bought a glowing cloak for 195 gold pieces
  7531 | D:8      | Reached skill level 1 in Transmutations
  7616 | D:8      | Noticed Erica
  7646 | D:8      | Killed Erica
  7647 | D:8      | Reached XP level 10. HP: 90/93 MP: 14/14
  8074 | D:9      | Found the +2 ratskin cloak {*Rats rPois rN+ Str-1 Int-1
                  | Dex+1}
  8187 | D:9      | Noticed a two-headed ogre
  8195 | D:9      | Killed a two-headed ogre
  8196 | D:9      | Reached skill level 6 in Unarmed Combat
  8248 | D:9      | Reached *** piety under Cheibriados
  8738 | D:9      | Reached skill level 5 in Armour
  9199 | D:10     | Entered Level 10 of the Dungeon
  9228 | D:10     | Noticed Snorg
  9270 | D:10     | Reached **** piety under Cheibriados
  9474 | D:10     | Noticed a two-headed ogre
  9487 | D:10     | Killed a two-headed ogre
  9488 | D:10     | Reached XP level 11. HP: 48/101 MP: 16/16
  9550 | D:10     | Noticed Maurice
  9565 | D:10     | Killed Maurice
  9566 | D:10     | Reached skill level 5 in Fighting
  9577 | D:10     | Found a staircase to the Orcish Mines.
  9685 | D:10     | Noticed Joseph
  9698 | D:10     | Killed Joseph
  9699 | D:10     | Reached skill level 7 in Unarmed Combat
  9748 | D:10     | Reached ***** piety under Cheibriados
  9773 | D:10     | Noticed a two-headed ogre
  9799 | D:10     | Killed a two-headed ogre
  9800 | D:10     | Reached skill level 5 in Dodging
  9812 | D:10     | Killed Snorg
 10298 | D:11     | Noticed a death knight
 11000 | D:11     | Reached skill level 8 in Unarmed Combat
 11591 | D:12     | Found Diasog's Jewellery Emporium.
 11592 | D:12     | Found a shadowy altar of Dithmenos.
 11827 | D:12     | Noticed a two-headed ogre
 11837 | D:12     | Killed a two-headed ogre
 11838 | D:12     | Reached XP level 12. HP: 54/111 MP: 17/17
 11839 | D:12     | Reached ****** piety under Cheibriados
 12385 | D:13     | Noticed a centaur warrior
 12397 | D:13     | Killed a centaur warrior
 12483 | D:13     | Found Vuogrea's General Store.
 12697 | D:13     | Reached skill level 5 in Invocations
 13115 | D:14     | Noticed Rupert
 13126 | D:14     | Paralysed by Rupert for 7 turns
 13141 | D:14     | Killed Rupert
 13144 | D:14     | Mangled by a red ugly thing

Illustrated notes

Levels and vault maps discovered:
D:1:      mrwooster_arrival_statue_3, layout_basic
D:2:      layout_loops_corners, minmay_misc_feat_rows, nemelex_dance_club_becter
D:3:      layout_basic
D:4:      layout_basic, uniq_sigmund, uniq_duvessa, uniq_menkaure
D:5:      layout_loops_ring
D:6:      layout_rooms, minmay_temple_entry_junction, basic_altar, serial_shops,
          shop, kennysheep_mini, shop, shop, shop,
          chequers_serial_rivers_micro_c, minmay_between, uniq_eustachio,
          uniq_grinder
D:7:      layout_basic, kiku_gazebo_pond_becter
D:8:      layout_layer_cave, lair_entry_dummy, serial_shops, shop, st_stairs_10,
          kennysheep_cluttered_room, uniq_erica
D:9:      layout_cave_pools, special_room [special_room_bee],
          hangedman_incinerator
D:10:     layout_roguey, david_orc_2, minmay_holes, nzn_random_ring,
          uniq_maurice, uniq_snorg, uniq_joseph
D:11:     layout_roguey
D:12:     layout_cross, serial_shops, shop, grunt_ministairs_13,
          nicolae_dithmenos_through_a_glass_darkly
D:13:     layout_basic, serial_shops, nicolae_shop_competitors_out_of_business
D:14:     minmay_big_diamond_grid, layout_loops_corners, david_vaults_2,
          minmay_misc_feat_ornament, uniq_rupert
Temple:   minmay_crystal_snake_temple

Skill      XL: |  1  2  3  4  5  6  7  8  9 10 11 12 |
---------------+-------------------------------------+-----
Necromancy     | 4 5 6 7 |  7.1
Fighting       | 1 2 3 4 5 6 |  6.0
Unarmed Combat | 1 2 3 4 5 6 8 |  8.6
Spellcasting   | 2 3 4 |  4.9
Throwing       | 1 2 3 |  3.3
Dodging        | 2 3 4 5 6 |  6.0
Armour         | 1 3 4 5 6 |  6.7
Invocations    | 2 3 4 5 |  5.3
Transmutations | 1 2 3 4 |  4.3
Stealth        | 2 |  2.6
Slings         | |  0.1

Action                   |  1- 3 |  4- 6 |  7- 9 | 10-12 || total
-------------------------+-------+-------+-------+-------++-------
Melee: Unarmed           |    93 |   114 |   417 |   569 ||  1193
       Punch             |       |       |     6 |    34 ||    40
       Kick              |       |       |       |    48 ||    48
       Headbutt          |       |       |       |    26 ||    26
 Fire: Hunting sling     |       |       |     9 |    15 ||    24
Throw: Stone             |     5 |    13 |       |       ||    18
       Dart              |       |    44 |    49 |     7 ||   100
       Boomerang         |       |       |    11 |    11 ||    22
 Cast: Pain              |    14 |    14 |       |       ||    28
       Beastly Appendage |       |       |       |    15 ||    15
       Vampiric Draining |       |       |       |     3 ||     3
Evoke: Box of beasts     |       |       |       |     1 ||     1
  Use: Potion            |       |     1 |       |       ||     1
       Scroll            |       |     5 |     4 |     8 ||    17
 Stab: Sleeping          |     2 |     2 |     6 |    13 ||    23
       Distracted        |       |       |     1 |     2 ||     3
Armor: Robe              |    20 |    18 |       |       ||    38
       Shadow dragon sca |       |    68 |   380 |   527 ||   975
Dodge: Dodged            |    45 |    47 |   164 |   374 ||   630

Table legend: (Time is in decaauts)
 A = Elapsed time spent in this place.
 B = Non-inter-level travel time spent in this place.
 C = Inter-level travel time spent in this place.
 D = Time resting spent in this place.
 E = Time spent auto-exploring this place.
 F = Levels seen in this place.
 G = Mean time per level.
                   A        B        C        D        E       F      G
               +--------+--------+--------+--------+--------+-----+--------+
         Total |  16399 |  15489 |    910 |    992 |  11161 |  15 | 1093.3 |
       Dungeon |  16181 |  15336 |    845 |    912 |  11096 |  14 | 1155.8 |
        Temple |    218 |    154 |     64 |     80 |     65 |   1 |  218.0 |
               +--------+--------+--------+--------+--------+-----+--------+

Top non-repeatable levels by time:
    D:10: 1823 daAuts
     D:8: 1735 daAuts
     D:9: 1536 daAuts
    D:13: 1534 daAuts
    D:11: 1469 daAuts
     D:2: 1211 daAuts
     D:3: 1104 daAuts
    D:12: 1080 daAuts
     D:6: 1069 daAuts
     D:4: 981 daAuts
     D:1: 902 daAuts
     D:7: 800 daAuts
     D:5: 754 daAuts
  Temple: 218 daAuts
    D:14: 178 daAuts
